 Dungeon Crawl Stone Soup version 0.31.0-1-g2c135a008e (webtiles) character file.

Game seed: 6469177762918913742

72 qw the Shooter (level 4, -5/34 HPs)
             Began as a Djinni Hunter on Jan 24, 2024.
             Slain by a gnoll
             ... wielding a +0 halberd
              (11 damage)
             ... on level 2 of the Dungeon.
             The game lasted 00:00:04 (1033 turns).

qw the Shooter (Djinni Hunter)                      Turns: 1033, Time: 00:00:05

Health: -5/34      AC:  5    Str: 10    XL:     4   Next: 50%
Gold:   81         EV: 11    Int: 10    God:
                   SH:  0    Dex: 19

rFire   + + .        a - +0 shortbow
rCold   x . .        (shield currently unavailable)
rNeg    . . .        g - +0 ring mail
rPois   inf          (no helmet)
rElec   .            (no cloak)
rCorr   .            (no gloves)
SInv    .            (boots unavailable)
Will    .....        (no amulet)
Stlth   +            (no ring)
HPRegen 0.25/turn    (no ring)
MPRegen 0.00/turn

%: infuse magic (-6 HP)
@: flying
A: sickness immunity, fire resistance 2, cold vulnerability 1, float, innate
caster, HP casting, extra vitality 1
a: no special abilities


You were on level 2 of the Dungeon.
You visited 1 branch of the dungeon, and saw 2 of its levels.

You collected 81 gold pieces.


Innate Abilities, Weirdness & Mutations

You are immune to sickness and miasma.
You are immune to poison.
Your flesh is very heat resistant. (rF++)
You are vulnerable to cold. (rC-)
You float through the air rather than walking.
You learn spells naturally, not from books.
Your magical power is your life essence.
You have superior vitality. (+4 MHP)


   Skills:
 + Level 2.5 Fighting
 - Level 4.0 Ranged Weapons
 - Level 1.9 Armour
 - Level 2.1 Dodging
 - Level 0.7 Stealth


You knew the following spells:

 Your Spells              Type           Power      Damage    Failure   Level
a - Foxfire               Conj/Fire      0%         2x1d4     67%         1
Your spell library was empty.

Inventory:

Hand Weapons
 a - a +0 shortbow (weapon)
Armour
 b - a +0 cloak
 g - a +0 ring mail (worn)
Scrolls
 c - a scroll of identify
 d - a scroll of fog {unknown}
Potions
 e - a potion of resistance
 f - a potion of curing

Dungeon Overview and Level Annotations

Branches:
Dungeon (2/15)

Altars:

Shops:
D:1 :


Message History

Enter note:
Enter note:
Enter note:
Enter note:
Enter note:
1022 ||| RETREEEEATING.
1024 ||| RETREEEEATING.
You shoot an arrow. The arrow hits the gnoll!
The gnoll is heavily wounded.
The gnoll misses you.
You shoot an arrow. The arrow hits the gnoll.
The gnoll is severely wounded.
The gnoll closely misses you.
The gnoll hits you from afar with a +0 halberd!
You shoot an arrow. The arrow hits the gnoll.
The gnoll is almost dead.
The gnoll hits you but does no damage.
You shoot an arrow.
The arrow hits the gnoll but does no damage.
The gnoll is almost dead.
The gnoll hits you from afar with a +0 halberd.
You shoot an arrow. The arrow barely misses the gnoll. x2
The gnoll closely misses you. The gnoll misses you.
The gnoll hits you from afar with a +0 halberd.
Enter note:
Enter note:
Enter note:
1030 ||| RETREEEEATING.
The gnoll attacks as it pursues you!
The gnoll hits you from afar with a +0 halberd!
You shoot an arrow. The arrow barely misses the gnoll.
The gnoll barely misses you.
You shoot an arrow. The arrow hits the gnoll.
The gnoll is lightly wounded.
The gnoll closely misses you.
You shoot an arrow.
The arrow hits the gnoll but does no damage.
The gnoll is lightly wounded.
The gnoll hits you from afar with a +0 halberd!
You die...

############
#.@........#
#.########.#
#g# #.#
#.g....g..#.#
#......g..#.#
#.........#.#
#.........#.#
#
##.########.#
##### #
#.########.#
#....


You could see 2 gnolls.

Vanquished Creatures
  Jessica (D:2)
  2 adders (D:2)
  3 ball pythons
  2 endoplasms
  A giant cockroach (D:2)
  5 hobgoblins
  2 jackals (D:1)
  A bat (D:2)
  2 frilled lizards (D:1)
  4 goblins
  4 kobolds
  2 rats
29 creatures vanquished.

Notes
Turn   | Place    | Note
-------+----------+-------------------------------------------
     0 | D:1      | qw the Djinni Hunter began the quest for the Orb.
     0 | D:1      | Reached XP level 1. HP: 18/18 MP: 0/0
     0 | D:1      | 0 ||| qw: Version: 0.3-a-136-gdd3b4e8
     0 | D:1      | 0 ||| qw: Game counter: 1257
     0 | D:1      | 0 ||| qw: Melee chars always use a shield: true
     0 | D:1      | 0 ||| qw: God list: Okawaru
     0 | D:1      | 0 ||| qw: Allow faded altars: false
     0 | D:1      | 0 ||| qw: Do Orc after clearing Dungeon:15 true
     0 | D:1      | 0 ||| qw: Do second Lair branch before Depths: true
     0 | D:1      | 0 ||| qw: Lair rune preference: random
     0 | D:1      | 0 ||| qw: Goals: Normal
     0 | D:1      | 0 ||| PLANNING D:1-11
     2 | D:1      | 2 ||| DROPPING scroll of butterflies.
   157 | D:1      | Reached XP level 2. HP: 21/23 MP: 0/0
   178 | D:1      | Found Divyhebb's Book Boutique.
   619 | D:1      | 619 ||| UPGRADING to +0 ring mail.
   629 | D:1      | 629 ||| DROPPING +0 leather armour.
   630 | D:1      | 630 ||| READING scroll labelled OCEUS HOETU UKI.
   630 | D:1      | 630 ||| IDENTIFYING murky white potion
   631 | D:1      | 631 ||| READING scroll labelled NOONKI VIYCEES.
   636 | D:1      | 636 ||| DRINKING 2 metallic brown potions.
   656 | D:2      | Reached skill level 4 in Ranged Weapons
   656 | D:2      | Reached XP level 3. HP: 28/28 MP: 0/0
   656 | D:2      | Learned a level 1 spell: Foxfire
   720 | D:2      | Noticed Jessica
   724 | D:2      | Killed Jessica
   725 | D:2      | Reached skill level 1 in Armour
   725 | D:2      | Reached XP level 4. HP: 33/33 MP: 0/0
  1022 | D:2      | 1022 ||| RETREEEEATING.
  1024 | D:2      | 1024 ||| RETREEEEATING.
  1030 | D:2      | 1030 ||| RETREEEEATING.
  1030 | D:2      | HP: 5/34 [gnoll/+0 halberd (9)]
  1033 | D:2      | Slain by a gnoll

Levels and vault maps discovered:
D:1:      scummos_arrival_star, layout_basic, serial_shops,
          nicolae_shop_waterfront
D:2:      layout_basic, uniq_jessica

Skill      XL: |  1  2  3 |
---------------+----------+-----
Ranged Weapons | 4 |  4.0
Armour         | 1 |  1.9
Fighting       | |  2.5
Dodging        | |  2.1
Stealth        | |  0.7

Action                     |  1- 3 |  4- 6 || total
---------------------------+-------+-------++-------
   Fire: Shortbow          |    52 |    42 ||    94
    Use: Scroll            |     2 |       ||     2
         Potion            |     1 |       ||     1
 Armour: Leather armour    |    15 |       ||    15
         Ring mail         |       |     9 ||     9
  Dodge: Dodged            |    11 |    13 ||    24

Table legend:
 A = Non-vault XP
 B = Vault XP
 C = Vault XP percentage of total XP
 D = Non-vault monster count
 E = Vault monster count
 F = Vault count percentage of total count
                 A         B        C        D         E       F
            +---------+---------+-------+---------+---------+-------
      Total |      67 |      37 |  35.6 |      28 |       1 |   3.4
            +---------+---------+-------+---------+---------+-------
        D:1 |      23 |       0 |   0.0 |      14 |       0 |   0.0
        D:2 |      44 |      37 |  45.7 |      14 |       1 |   6.7
            +---------+---------+-------+---------+---------+-------
